 Dungeon Crawl Stone Soup version 0.27.1-2-g3b301248ec (webtiles) character file.

Game seed: 1612188122463169409

37 barney the Ruffian (level 3, -2/28 HPs)
             Began as a Draconian Transmuter on Sept 27, 2021.
             Slain by a goblin (5 damage)
             ... led by Robin
             ... on level 2 of the Dungeon.
             The game lasted 00:01:39 (1745 turns).

barney the Ruffian (Draconian Transmuter)           Turns: 1745, Time: 00:01:40

Health: -2/28      AC:  6    Str: 11 (12) XL:     3   Next: 21%
Magic:  4/6        EV: 12    Int: 12 (14) God:
Gold:   11         SH:  0    Dex:  9 (11) Spells: 2/6 levels left

rFire    + . .     SeeInvis .   d - +0 short sword
rCold    . . .     Faith    .   (no shield)
rNeg     . . .     Spirit   .   (armour unavailable)
rPois    .         Reflect  .   (helmet restricted)
rElec    .         Harm     .   a - +0 cloak
rCorr    .         Rampage  .   (no gloves)
Will     .....                  (no boots)
Stlth    +.........             (no amulet)
HPRegen  0.09/turn              i - ring of protection from fire
MPRegen  0.10/turn              (no ring)

@: no status effects
A: AC +5, unfitting armour, cold-blooded
a: no special abilities


You were on level 2 of the Dungeon.
You visited 1 branch of the dungeon, and saw 2 of its levels.

You collected 11 gold pieces.

Inventory:

Hand Weapons
 d - a +0 short sword (weapon)
Armour
 a - a +0 cloak (worn)
Jewellery
 i - a ring of protection from fire (left hand)
Scrolls
 c - a scroll of identify
 f - a scroll of enchant armour
 h - a scroll of torment {unknown}


   Skills:
 - Level 1.1 Fighting
 - Level 1.7 Dodging
 + Level 3.4 Unarmed Combat
 - Level 2.0 Spellcasting
 * Level 3.2 Transmutations


You had 2 spell levels left.
You knew the following spells:

 Your Spells              Type           Power      Damage    Failure   Level
a - Beastly Appendage     Tmut           18%        N/A       7%          1
b - Spider Form           Tmut/Pois      2%         N/A       38%         3

Your spell library contained the following spells:

 Spells                   Type           Power      Damage    Failure   Level
 Wereblood                Tmut           9%         N/A       11%         2
 Ice Form                 Ice/Tmut       5%         N/A       80%         4


Dungeon Overview and Level Annotations

Branches:
Dungeon (2/15)

Altars:

Annotations:
D:2 Robin


Innate Abilities, Weirdness & Mutations

Your plain brown scales are hard. (AC +5)
You cannot fit into any form of body armour.
You are cold-blooded and may be slowed by cold attacks.


Message History

You hit the goblin.
The goblin is poisoned.
The goblin is severely wounded.
You kill the goblin!
The goblin misses you. x3
You hit the goblin.
The goblin is poisoned.
The goblin is severely wounded.
The goblin barely misses you. The goblin misses you.
The goblin closely misses you. The goblin hits you with a +0 club.
You barely miss the goblin.
The goblin is severely wounded.
The goblin barely misses you. x2; The goblin misses you.
The goblin barely misses you.
You hit the goblin.
You kill the goblin!
The goblin hits you with a +0 club. The goblin closely misses you.
You are too injured to fight recklessly!
It was a potion of heal wounds.
You feel much better.
Your transformation has ended.
Your +0 short sword unmelds from your body.
Your +0 cloak unmelds from your body.
The goblin completely misses you. The hobgoblin hits you.
The goblin hits you with a +0 club. The goblin completely misses you.
Robin points. "Kill!"
It was a potion of degeneration.
There was something very wrong with that liquid.
You feel weakened.
You feel dopey.
You feel clumsy. The goblin hits you but does no damage.
The hobgoblin hits you.
The goblin hits you but does no damage. x2
It was a potion of curing.
You feel better. The goblin hits you with a +0 club. The hobgoblin hits you.
The goblin hits you with a +0 club. The goblin hits you but does no damage.
As you read the scroll labelled ROG WASAFEUQI, it crumbles to dust.
It is a scroll of identify.
f - a scroll of enchant armour The goblin hits you with a +0 club.
* * * LOW HITPOINT WARNING * * *
The hobgoblin hits you.
* * * LOW HITPOINT WARNING * * *
The goblin hits you with a +0 club.
You die... ...........# ##### ..........# #...# ....>.... #...# ....... #...# ..gg. .#####...# ## ggg

.........###. #g##
#####....... ##@g##
#.#...#. ####)gg.#
#.###.#. #.......#
###.# #.## #.......##
#...# #...
#........####.### ##..
##....#....##.# #..
###..####.#.#..# ###..
#....####.....#####....
#.......##...#.........


You could see Robin, 4 hobgoblins and 4 goblins.

Vanquished Creatures
  A ball python (D:1)
  6 bats
  2 endoplasms (D:1)
  2 giant cockroaches
  6 goblins
  7 hobgoblins
  3 kobolds (D:1)
  4 frilled lizards
  3 rats
34 creatures vanquished.

Notes
Turn   | Place    | Note
-------+----------+-------------------------------------------
     0 | D:1      | barney the Draconian Transmuter began the quest for the
                  | Orb.
     0 | D:1      | Reached XP level 1. HP: 16/16 MP: 3/3
   438 | D:1      | Reached XP level 2. HP: 22/23 MP: 3/5
   921 | D:1      | Found a faded altar of an unknown god.
  1608 | D:2      | Reached XP level 3. HP: 28/28 MP: 6/6
  1620 | D:2      | Learned a level 3 spell: Spider Form
  1730 | D:2      | Noticed Robin
  1745 | D:2      | Slain by a goblin

Illustrated notes

Levels and vault maps discovered:
D:1:      minmay_arrival_pointy, layout_loops_ring,
          dreamdust_ecumenical_altar_statues, minmay_3d_cube
D:2:      layout_rooms, uniq_robin

Skill      XL: |  1  2 |
---------------+-------+-----
Transmutations | 3 |  3.2
Fighting       | |  1.1
Dodging        | |  1.7
Unarmed Combat | |  3.4
Spellcasting   | |  2.0

Action                   || total
-------------------------++-------
Melee: Unarmed           ||    33
       Short sword       ||    59
       Tailslap          ||     7
       Kick              ||     3
       Headbutt          ||     2
 Cast: Beastly Appendage ||    12
       Spider Form       ||     1
  Use: Potion            ||     3
       Scroll            ||     1
Armor: Skin              ||    32
Dodge: Dodged            ||    85
